 Dungeon Crawl Stone Soup version 0.28.0-49-g6dfe1f597d (webtiles) character file.

Game seed: 483883569965189443

1066 enile the Sneak (level 8, -3/43 HPs)
             Began as a Vine Stalker Brigand on May 15, 2022.
             Was a Priest of Okawaru.
             Slain by a vampire mosquito (7 damage)
             ... on level 5 of the Dungeon.
             The game lasted 00:07:04 (4824 turns).

enile the Sneak (Vine Stalker Brigand)              Turns: 4824, Time: 00:07:05

Health: -3/43      AC:  8    Str: 16    XL:     8   Next: 28%
Magic:  0/12       EV: 11    Int: 11    God:    Okawaru [***...]
Gold:   109        SH:  0    Dex: 16    Spells: 11/11 levels left

rFire   . . .      SeeInvis .   x - +2 dagger (venom)
rCold   . . .      Faith    .   (no shield)
rNeg    . . .      Spirit   +   j - +2 ring mail {Will+}
rPois   .          Reflect  .   (no helmet)
rElec   .          Harm     .   c - +0 cloak
rCorr   .          Rampage  .   (no gloves)
Will    ++...                   (no boots)
Stlth   ++........              (no amulet)
HPRegen 0.94/turn               (no ring)
MPRegen 0.13/turn               (no ring)

@: no status effects
A: fangs 3, regeneration 1, magic shield, antimagic bite, no potion heal 2
a: Renounce Religion, Heroism


You were on level 5 of the Dungeon.
You worshipped Okawaru.
Okawaru was most pleased with you.
You visited 1 branch of the dungeon, and saw 5 of its levels.

You collected 193 gold pieces.
You spent 84 gold pieces at shops.

Inventory:

Hand Weapons
 a - a +2 dagger
 g - a +0 scimitar of flaming
 x - a +2 dagger of venom (weapon)
Missiles
 d - 5 poisoned darts (quivered)
 n - 4 atropa-tipped darts
Armour
 b - a +0 robe
 c - a +0 cloak (worn)
 i - a +3 leather armour
 j - a +2 ring mail of willpower (worn)
Jewellery
 r - a ring of ice
 y - a ring of willpower
Wands
 e - a wand of flame (10)
 w - a wand of iceblast (1)
Scrolls
 f - 2 scrolls of identify
 k - a scroll of summoning
 o - 2 scrolls of fear {unknown}
 t - a scroll of holy word {unknown}
Potions
 h - 4 potions of heal wounds {unknown}
 l - 2 potions of degeneration {unknown}
 m - a potion of haste
 p - a potion of magic {unknown}
 u - a potion of might {unknown}
 v - 3 potions of invisibility {unknown}
 z - 2 potions of brilliance {unknown}


   Skills:
 - Level 5.0 Fighting
 - Level 1.7(3.0) Short Blades
 - Level 3.7(4.0) Long Blades
 - Level 1.7 Throwing
 + Level 2.5 Dodging
 - Level 5.0 Stealth
 - Level 2.0 Spellcasting
 - Level 5.0 Invocations


You had 11 spell levels left.
You didn't know any spells.
Your spell library contained the following spells:

 Spells                   Type           Power      Damage    Failure   Level
 Apportation              Tloc           2%         N/A       50%         1
 Sting                    Tmut/Pois      4%         1d3       50%         1
 Poisonous Vapours        Pois/Air       2%         N/A       63%         2
 Sublimation of Blood     Necr           1%         N/A       63%         2
 Wereblood                Tmut           1%         N/A       63%         2
 Olgreb's Toxic Radiance  Pois           1%         N/A       99%         4
 Animate Skeleton         Necr           Unusable   N/A       N/A         1
 Summon Small Mammal      Summ           Unusable   N/A       N/A         1
 Summon Hydra             Summ           Unusable   N/A       N/A         7

Dungeon Overview and Level Annotations

Branches:
Dungeon (5/15)             Temple (0/1) D:5

Altars:
Cheibriados
Okawaru
Trog

Shops:
D:4 **


Innate Abilities, Weirdness & Mutations

You have razor-sharp teeth.
Your natural rate of healing is unusually fast.
When hurt, damage is shared between your health and your magic reserves.
Your bite disrupts and absorbs the magic of your enemies.
Potions cannot restore your health.


Message History

The vampire mosquito bites you.
The vampire mosquito draws strength from your injuries!
The vampire mosquito barely misses you. The vampire mosquito bites you.
The vampire mosquito draws strength from your injuries!
The vampire mosquito barely misses you. The vampire mosquito bites you!
The vampire mosquito draws strength from your injuries!
You are too injured to fight recklessly!
Okay, then.
Okay, then.
Press: ? - help, v - describe, . - travel
Here: a vampire mosquito The floor.
Okay, then.
Okay, then.
Okay, then.
Okay, then.
As you read the scroll labelled BOPHAT YSKATO, it crumbles to dust.
It is a scroll of enchant armour.
Your +1 ring mail of willpower glows green for a moment.
The vampire mosquito bites you!
* * * LOW HITPOINT WARNING * * *
The vampire mosquito draws strength from your injuries!
The vampire mosquito bites you.
* * * LOW HITPOINT WARNING * * *
The vampire mosquito draws strength from your injuries!
The vampire mosquito bites you.
* * * LOW HITPOINT WARNING * * *
The vampire mosquito draws strength from your injuries!
The vampire mosquito barely misses you.
The vampire mosquito bites you but does no damage.
The vampire mosquito barely misses you.
The vampire mosquito closely misses you.
As you read the scroll labelled NEALUW XAMPECSOWK, it crumbles to dust.
It is a scroll of brand weapon.
Your +0 scimitar is engulfed in flames!
g - a +0 scimitar of flaming The vampire mosquito closely misses you.
The vampire mosquito bites you but does no damage.
The vampire mosquito misses you. The vampire mosquito bites you!
You die...

#.....####..........
#.....# #..........
###.....# #..........
.....(..####...(......
....####..............
.........######.......
########..# #........
#....y.#..# #...###..
#(...†@#..#####...###.#
......yyy..........##...
##......#............._.
#...(..#..........##...
#......##..........##..
#......##.........###..
#..(...##..............
#......##..............
####### #......######..


You could see 4 vampire mosquitoes.

Vanquished Creatures
  Edmund (D:5)
  3 black bears
  An ogre (D:3)
  A necrophage (D:4)
  A phantom (D:5)
  A bullfrog zombie (D:5)
  A hound (D:4)
  A gnoll shaman (D:5)
  Jessica (D:2)
  2 iguanas (D:4)
  2 scorpion zombies (D:5)
  Robin (D:2)
  7 gnolls
  3 adders
  A shadow imp (D:5)
  3 worms
  2 dart slugs
  2 orcs
  8 bats
  4 endoplasms
  2 giant cockroaches (D:4)
  11 goblins
  17 hobgoblins
  2 jackals (D:1)
  6 kobolds
  A quokka (D:1)
  6 ball pythons
  4 frilled lizards
  A rat (D:1)
  A spectral kobold (D:1)
97 creatures vanquished.

Notes
Turn   | Place    | Note
-------+----------+-------------------------------------------
     0 | D:1      | enile the Vine Stalker Brigand began the quest for the Orb.
     0 | D:1      | Reached XP level 1. HP: 11/11 MP: 2/2
   101 | D:1      | Reached skill level 1 in Dodging
   140 | D:1      | Reached XP level 2. HP: 1/15 MP: 1/3
   594 | D:1      | Found a faded altar of an unknown god.
   605 | D:1      | Prayed at the altar of an unknown god.
   605 | D:1      | Became a worshipper of Warmaster Okawaru
   605 | D:1      | Reached * piety under Okawaru
   890 | D:1      | Reached skill level 5 in Stealth
   907 | D:1      | Reached XP level 3. HP: 18/18 MP: 4/4
  1207 | D:2      | Reached skill level 1 in Invocations
  1294 | D:2      | Found an iron altar of Okawaru.
  1336 | D:2      | Noticed Robin
  1370 | D:2      | Killed Robin
  1373 | D:2      | Gained mutation: Your natural rate of healing is unusually
                  | fast. [Vine Stalker growth]
  1373 | D:2      | Reached XP level 4. HP: 12/23 MP: 6/6
  1688 | D:2      | Noticed Jessica
  1692 | D:2      | Killed Jessica
  2456 | D:3      | Reached XP level 5. HP: 14/26 MP: 4/8
  3226 | D:4      | Found Ybogg's Assorted Antiques.
  3229 | D:4      | Bought a scroll labelled GANLUR YLARGH for 28 gold pieces
  3229 | D:4      | Bought a scroll labelled BIRYS DISINI for 28 gold pieces
  3229 | D:4      | Bought a scroll labelled GOIDON OSAGHIF for 28 gold pieces
  3233 | D:4      | Noticed an ogre
  3270 | D:3      | Killed an ogre
  3358 | D:4      | Reached skill level 5 in Invocations
  3358 | D:4      | Reached XP level 6. HP: 30/30 MP: 10/10
  3387 | D:4      | Noticed a necrophage
  3393 | D:4      | Killed a necrophage
  3394 | D:4      | Reached skill level 1 in Long Blades
  3600 | D:4      | Found Fosoclewn's Fire Supplies.
  3603 | D:4      | Noticed a black bear
  3608 | D:4      | Killed a black bear
  3608 | D:4      | Reached ** piety under Okawaru
  3609 | D:4      | Reached XP level 7. HP: 34/35 MP: 11/11
  4159 | D:5      | Entered Level 5 of the Dungeon
  4165 | D:5      | Noticed Edmund
  4182 | D:5      | Killed Edmund
  4245 | D:5      | Found a bloodstained altar of Trog.
  4319 | D:5      | Found a snail-covered altar of Cheibriados.
  4374 | D:5      | Gained mutation: You have razor-sharp teeth. [Vine Stalker
                  | growth]
  4374 | D:5      | Reached XP level 8. HP: 37/42 MP: 8/12
  4555 | D:5      | Reached *** piety under Okawaru
  4580 | D:5      | Reached skill level 5 in Fighting
  4680 | D:5      | Found a staircase to the Ecumenical Temple.
  4824 | D:5      | Slain by a vampire mosquito

Illustrated notes

Levels and vault maps discovered:
D:1:      onia_arrival_pentagram, layout_basic,
          dreamdust_ecumenical_altar_drowned_temple, minmay_pentomino_x2
D:2:      layout_basic, basic_altar, minmay_quantized, uniq_robin, uniq_jessica
D:3:      layout_basic, kennysheep_crisscross, chequers_avenue
D:4:      layout_basic, serial_shops, nicolae_stop_n_shop_2,
          nicolae_shop_fire_sale [nicolae_sub_dead_trees], glass_columns_b
D:5:      layout_basic, general_overflow_altar, trog_three_pillars_becter,
          minmay_temple_entry_antechambers, uniq_edmund

Skill      XL: |  1  2  3  4  5  6  7  8 |
---------------+-------------------------+-----
Fighting       | 2 4 5 |  5.0
Dodging        | 1 2 |  2.5
Stealth        | 5 |  5.0
Invocations    | 2 3 5 |  5.0
Spellcasting   | 2 |  2.0
Long Blades    | 3 |  3.7
Short Blades   | |  1.7
Throwing       | |  1.7

Action                   |  1- 3 |  4- 6 |  7- 9 || total
-------------------------+-------+-------+-------++-------
Melee: Dagger            |    32 |       |    98 ||   130
       Bite              |    16 |    24 |    38 ||    78
       Scimitar          |    54 |   107 |    24 ||   185
       Punch             |       |       |     2 ||     2
Throw: Dart              |    13 |    25 |    15 ||    53
Invok: Heroism           |     2 |       |       ||     2
  Use: Scroll            |       |     1 |     2 ||     3
 Stab: Sleeping          |     6 |     9 |     2 ||    17
Armor: Robe              |     8 |       |       ||     8
       Ring mail         |    19 |    34 |    37 ||    90
Dodge: Dodged            |    62 |    74 |    72 ||   208
